 Dungeon Crawl Stone Soup version 0.31-a0-319-g4fced400ed (webtiles) character file.

Game seed: 5513901356131111088

20281 night the Grappler (level 12, -24/110 HPs)
             Began as a Demonspawn Shapeshifter on July 18, 2023.
             Was the Champion of Jiyva.
             Annihilated by a dire elephant (32 damage)
             ... on level 2 of the Lair of Beasts.
             The game lasted 00:25:00 (9411 turns).

night the Grappler (Demonspawn Shapeshifter)        Turns: 9411, Time: 00:25:01

Health: -24/110    AC: 12    Str: 25    XL:     12   Next: 44%
Magic:  12/12      EV: 11    Int:  9    God:    Jiyva [******]
Gold:   570        SH:  0    Dex: 22    Spells: 11/11 levels left

rFire   . .          .
                       - Unarmed
rCold   . . .        (no shield)
rNeg    . . .        D - +1 plate armour
rPois   .            (helmet currently unavailable)
rElec   .            (cloak currently unavailable)
rCorr   +            q - melded +0 pair of gloves
SInv    +            O - melded +2 pair of boots
Will    .....        E - amulet of regeneration Stlth
                     g - ring of flight
HPRegen 5.78/turn    a - +6 ring of strength
MPRegen 0.63/turn

%: no passive effects
@: beast-form, flying
A: beast (slay +6), powered by death 3, powered by pain 2, sturdy frame 2,
demonic touch 1, antennae 1, camouflage 1, agile 2, robust 3, strong 1, acidic
bite, eyeballs 3, jelly absorbing missiles
a: Begin Untransformation, Renounce Religion, Oozemancy, Slimify


You were on level 2 of the Lair of Beasts.
You worshipped Jiyva.
Jiyva was exalted by your worship.
You were a hulking beast.
You visited 2 branches of the dungeon, and saw 12 of its levels.

You collected 570 gold pieces.

Inventory:

Hand Weapons
 V - a +0 triple crossbow
Missiles
 d - 60 stones
 e - 10 atropa-tipped darts
 F - 6 boomerangs
 H - 24 poisoned darts
Armour
 q - a +0 pair of gloves (melded)
 D - a +1 plate armour (worn)
 O - a +2 pair of boots (melded)
 Q - +0 ice dragon scales
 U - the +0 pair of gloves of a ziggurat {rPois rC+++ rN+ Will-}
   (You found it on level 1 of the Lair of Beasts)

   rC:        It renders you almost immune to cold.
   rPois:     It protects you from poison.
   rN:        It protects you from negative energy.
   Will:      It decreases your willpower.
Jewellery
 a - a +6 ring of strength (right hand)
 g - a ring of flight (left hand)
 j - a ring of magical power
 k - a ring of wizardry
 r - an amulet of guardian spirit
 s - a +6 ring of dexterity
 E - an amulet of regeneration (around neck)
 T - a ring of ice
Talismans
 c - a beast talisman
 v - a blade talisman
Wands
 x - a wand of flame (33)
 A - a wand of mindburst (33)
 B - a wand of iceblast (19)
 J - a wand of charming (7)
 L - a wand of polymorph (12)
Scrolls
 i - 3 scrolls of immolation
 m - 3 scrolls of teleportation
 n - 2 scrolls of fear
 o - 6 scrolls of fog
 y - a scroll of noise
 z - 3 scrolls of identify
 G - a scroll of blinking {unknown}
 K - a scroll of summoning
 N - 3 scrolls of revelation
 R - 2 scrolls of amnesia
Potions
 b - 3 potions of lignification
 f - 4 potions of degeneration {unknown}
 h - 2 potions of curing
 l - 3 potions of attraction {unknown}
 p - 2 potions of might {unknown}
 t - 5 potions of heal wounds {unknown}
 u - 8 potions of ambrosia
 w - a potion of resistance {unknown}
 C - a potion of haste {unknown}
 I - a potion of enlightenment {unknown}
 M - a potion of brilliance {unknown}
 P - a potion of mutation {unknown}
 W - a potion of invisibility {unknown}
Miscellaneous
 S - a lightning rod (4/4)


   Skills:
 + Level 4.8 Fighting
 + Level 3.8 Armour
 + Level 4.2 Dodging
 * Level 14.5 Unarmed Combat
 + Level 9.2 Shapeshifting


You had 11 spell levels left.
You didn't know any spells.
Your spell library contained the following spells:

 Spells                   Type           Power      Damage    Failure   Level
 Sting                    Tmut/Pois      0%         1d3       91%         1
 Summon Small Mammal      Summ           0%         N/A       91%         1
 Poisonous Vapours        Pois/Air       0%         N/A       97%         2
 Call Canine Familiar     Summ           0%         N/A       99%         3
 Summon Guardian Golem    Hex/Summ       0%         N/A       99%         3
 Olgreb's Toxic Radiance  Pois           0%         N/A       100%        4


Dungeon Overview and Level Annotations

Branches:
Dungeon (10/15)            Temple (0/1) D:6            Lair (2/5) D:9
  Swamp: Lair:2-3    Shoals: Lair:2-3     Snake: Lair:2-3    Spider: Lair:2-3
    Orc: D:9-12

Altars:
Ashenzari
Cheibriados
Fedhas
Hepliaklqana
Makhleb
Nemelex Xobeh
Okawaru
Qazlal
Ru
Sif Muna
Uskayaw
Vehumet
Xom
Jiyva

Shops:
D:4 [


Innate Abilities, Weirdness & Mutations

You are a hulking beast.
Your limbs bulge with bestial killing power. (Slay +6)
You regenerate a lot of health from kills.
You sometimes gain power by taking damage.
Your movements are less encumbered by armour. (ER -4)
Your touch may inflict minor irresistible damage on your foes.
You have a pair of small antennae on your head.
Your skin changes colour to match your surroundings (Stealth+).
You are very agile. (Dex +8, Str/Int -2)
You are extremely robust. (+30% HP)
Your muscles are strong. (Str +4, Int/Dex -1)
You have acidic saliva.
Your body is covered in eyes which may confuse attackers. (Acc +7, SInv)
You have a small jelly attached to you that may absorb projectiles.


Message History

The lindwurm claws you but does no damage.
The eyeballs on your body gaze at the lindwurm.
The lindwurm misses you.
Your acid blob spits acid at the lindwurm.
The splash of acid hits the lindwurm!
The acid corrodes the lindwurm!
The dire elephant is engulfed in a cloud of scalding steam.
You punch the dire elephant!
The dire elephant is moderately wounded.
The lindwurm is engulfed in a cloud of scalding steam.
The dire elephant tramples you but does no damage.
The dire elephant closely misses you.
You punch the dire elephant!
The dire elephant is heavily wounded.
You punch the dire elephant!
You touch the dire elephant!
The dire elephant is severely wounded.
The dire elephant tramples you!!
* * * LOW HITPOINT WARNING * * *
You shudder from the blow and a jelly pops out!
You are shoved backwards!
The lindwurm bites your acid blob!!
The lindwurm seems to be corroded for longer.
The lindwurm is burned by acid!
The lindwurm claws your acid blob.
The lindwurm seems to be corroded for longer.
The lindwurm is burned by acid!
The lindwurm claws your acid blob.
The lindwurm seems to be corroded for longer.
The lindwurm is burned by acid!
Okay, then.
You feel better.
Your acid blob spits acid at the lindwurm.
The splash of acid hits the lindwurm!!
The lindwurm seems to be corroded for longer.
The lindwurm dies!
The dire elephant tramples you!
* * * LOW HITPOINT WARNING * * *
You are shoved backwards!
Your acid blob completely misses the dire elephant.
As you read the scroll of fear, it crumbles to dust.
You assume a fearsome visage.
The dire elephant resists with almost no effort.
The dire elephant tramples you!!
You die...

###
♣≈≈≈~≈≈≈~≈~≈~≈~≈~~...♣♣
♣≈~~P≈≈≈♣~♣♣~~≈~~♣♣.♣♣
♣~~♣♣##♣♣♣♣.♣♣###♣ #♣
#'## ##.## .## #~~#####
###### #####
#≈~~~≈≈####≈~~~## ≈≈.8#
#~~≈~~≈≈8.~~~#~~##≈.=$#
#≈≈≈##~~≈~~≈##~J#~J.?:#
#≈≈≈###≈~~≈##8hY~~~~.8#
##### #################


You could see a dire elephant (ally target) and 2 friendly acid blobs.

Vanquished Creatures
  Fannar (Lair:1)
  A boulder beetle (Lair:2)
  2 elephants (Lair:2)
  Joseph (D:8)
  A black mamba (Lair:2)
  Psyche (D:8)
  A gargoyle (D:10)
  8 cane toads
  A komodo dragon (D:9)
  A rime drake (Lair:2)
  A troll (D:9)
  A queen bee (D:9)
  6 blink frogs
  A hornet (D:8)
  Prince Ribbit (Lair:1)
  Sigmund (D:6)
  2 wraiths (D:10)
  2 wyverns (D:8)
  13 yaks
  The ghost of flestrin the Covert, an amateur SpEn (D:3)
  2 basilisks (Lair:1)
  A steam dragon (D:9)
  2 vampire mosquitoes (D:6)
  6 water moccasins
  4 orc warriors
  A sky beast (D:6)
  4 ice beasts
  5 black bears
  5 centaurs
  19 wolves
  3 ogres (D:6)
  A phantom (D:6)
  2 kobold brigands
  4 bullfrogs
  A gnoll sergeant (D:6)
  A wight (D:8)
  17 killer bees (D:9)
  6 howler monkeys
  7 electric eels
  A crimson imp (D:5)
  4 hounds
  5 orc priests
  2 gnoll boudas
  2 sleepcaps (D:4)
  5 iguanas
  7 orc wizards
  29 gnolls
  6 adders
  A shadow imp (D:6)
  3 white imps
  An ufetubus (D:4)
  4 worms
  2 dart slugs
  30 orcs
  2 endoplasms (D:1)
  A giant cockroach (D:1)
  11 goblins
  4 hobgoblins
  15 jackals
  10 kobolds
  4 quokkas
  5 ball pythons
  11 bats
  3 frilled lizards (D:2)
  5 rats
311 creatures vanquished.

Vanquished Creatures (collateral kills)
  The ghost of Ge0ff the Reanimator, a novice AtNe of Ashenzari (D:8)
  A lindwurm (Lair:2)
  Maggie (D:8)
  A shadow (D:8)
  Menkaure (D:6)
  An acid dragon (D:8)
  An orc warrior (D:6)
  2 ice beasts (D:6)
  2 bullfrogs
  A scorpion (D:6)
  2 sleepcaps
  An iguana (D:6)
  An orc (D:8)
  A kobold (D:8)
17 creatures vanquished.

Vanquished Creatures (others)
  An ogre (D:5)
  A scorpion (D:5)
  21 jellies
  2 howler monkeys (D:5)
  2 hounds
  2 gnoll boudas
  2 iguanas
  7 gnolls (D:5)
  3 adders
  A worm (D:3)
  A dart slug (D:2)
  14 orcs
  2 endoplasms (D:4)
  3 goblins
  A hobgoblin (D:3)
  2 jackals (D:5)
  A kobold (D:2)
  A frilled lizard (D:3)
67 creatures vanquished.

Grand Total: 395 creatures vanquished

Notes
Turn   | Place    | Note
-------+----------+-------------------------------------------
     0 | D:1      | night the Demonspawn Shapeshifter began the quest for the
                  | Orb.
     0 | D:1      | Reached XP level 1. HP: 16/16 MP: 1/1
    55 | D:1      | Reached skill level 2 in Unarmed Combat
   334 | D:1      | Gained mutation: You regenerate a little health from kills.
                  | [demonic ancestry]
   334 | D:1      | Reached XP level 2. HP: 19/22 MP: 2/2
   912 | D:1      | Found a stormy altar of Qazlal.
   931 | D:2      | Found a faded altar of an unknown god.
   943 | D:1      | Gained mutation: You sometimes gain a little power by
                  | taking damage. [demonic ancestry]
   943 | D:1      | Reached XP level 3. HP: 10/27 MP: 3/3
  1043 | D:2      | Reached skill level 3 in Unarmed Combat
  1054 | D:2      | Prayed at the altar of an unknown god.
  1054 | D:2      | Became a worshipper of Jiyva Jumun the Shapeless
  1054 | D:2      | Reached * piety under Jiyva
  1387 | D:2      | Reached ** piety under Jiyva
  1673 | D:3      | Gained mutation: You regenerate health from kills. [demonic
                  | ancestry]
  1673 | D:3      | Reached XP level 4. HP: 22/33 MP: 4/4
  1921 | D:3      | Found a runed translucent door.
  1924 | D:3      | Noticed flestrin's ghost (amateur SpEn)
  1986 | D:3      | Killed flestrin's ghost
  1987 | D:3      | Reached skill level 4 in Unarmed Combat
  1987 | D:3      | Gained mutation: Your movements are slightly less
                  | encumbered by armour. (ER -2) [demonic ancestry]
  1987 | D:3      | Reached XP level 5. HP: 35/38 MP: 5/5
  2271 | D:4      | Gained mutation: You regenerate a lot of health from kills.
                  | [demonic ancestry]
  2271 | D:4      | Reached XP level 6. HP: 43/44 MP: 6/6
  2291 | D:4      | Reached *** piety under Jiyva
  2293 | D:4      | Found a blossoming altar of Fedhas.
  2365 | D:4      | Gained mutation: Your body has grown eyes which may confuse
                  | attackers. (Acc +3) [Jiyva's grace]
  2365 | D:4      | Gained mutation: Your body has grown many eyes which may
                  | confuse attackers. (Acc +5) [Jiyva's grace]
  2365 | D:4      | Gained mutation: Your body is covered in eyes which may
                  | confuse attackers. (Acc +7, SInv) [Jiyva's grace]
  2365 | D:4      | Gained mutation: Your mind is acute. (Int +4, Str/Dex -1)
                  | [Jiyva's grace]
  2396 | D:4      | Reached skill level 5 in Unarmed Combat
  2401 | D:4      | Found Yteugy's Antique Armour Boutique.
  2677 | D:4      | Found a sparkling altar of Nemelex Xobeh.
  2797 | D:4      | Noticed an orc warrior
  2829 | D:4      | Killed an orc warrior
  2830 | D:4      | Reached XP level 7. HP: 35/50 MP: 7/7
  2847 | D:4      | Reached skill level 6 in Unarmed Combat
  3033 | D:5      | Entered Level 5 of the Dungeon
  3069 | D:5      | Reached **** piety under Jiyva
  3513 | D:5      | Reached skill level 7 in Unarmed Combat
  3535 | D:5      | Gained mutation: Your touch may inflict minor irresistible
                  | damage on your foes. [demonic ancestry]
  3535 | D:5      | Reached XP level 8. HP: 56/56 MP: 8/8
  3778 | D:5      | Reached skill level 5 in Shapeshifting
  3794 | D:5      | Found a burning altar of Makhleb.
  3794 | D:5      | Found a shimmering altar of Xom.
  3867 | D:5      | Reached ***** piety under Jiyva
  4234 | D:6      | Noticed Sigmund
  4240 | D:6      | Killed Sigmund
  4269 | D:6      | Reached skill level 8 in Unarmed Combat
  4282 | D:6      | Noticed Menkaure
  4285 | D:6      | Gained mutation: You have hidden genetic potential.
                  | [Jiyva's grace]
  4285 | D:6      | Gained mutation: You have great hidden genetic potential.
                  | [Jiyva's grace]
  4285 | D:6      | Gained mutation: You have a small jelly attached to you
                  | that may absorb projectiles. [Jiyva's grace]
  4285 | D:6      | Gained mutation: Your rubbery body absorbs attacks. (AC +1,
                  | EV +1) [Jiyva's grace]
  4288 | D:6      | Killed Menkaure
  4297 | D:6      | Noticed a boulder beetle
  4616 | D:6      | Reached skill level 9 in Unarmed Combat
  4616 | D:6      | Reached XP level 9. HP: 61/61 MP: 9/9
  4732 | D:6      | Found a staircase to the Ecumenical Temple.
  4875 | D:6      | Gained mutation: Your skin changes colour to match your
                  | surroundings (Stealth+). [hidden potential]
  4894 | D:6      | Reached skill level 10 in Unarmed Combat
  5002 | D:6      | Identified the +1 war axe "Boec" {heavy, Will+ Int+2}
  5600 | D:7      | Noticed a +0 hand axe
  5600 | D:7      | Noticed a +0 hand axe
  5613 | D:7      | Found a hide-covered altar of Uskayaw.
  6091 | D:8      | Lost mutation: Your body is covered in eyes which may
                  | confuse attackers. (Acc +7, SInv) [Jiyva's grace]
  6091 | D:8      | Lost mutation: You have great hidden genetic potential.
                  | [Jiyva's grace]
  6091 | D:8      | Gained mutation: You have acidic saliva. [Jiyva's grace]
  6091 | D:8      | Gained mutation: You are agile. (Dex +4, Str/Int -1)
                  | [Jiyva's grace]
  6091 | D:8      | Gained mutation: You are very agile. (Dex +8, Str/Int -2)
                  | [Jiyva's grace]
  6091 | D:8      | Gained mutation: Your muscles are strong. (Str +4, Int/Dex
                  | -1) [Jiyva's grace]
  6123 | D:8      | Noticed Psyche
  6136 | D:8      | Killed Psyche
  6137 | D:8      | Reached skill level 11 in Unarmed Combat
  6137 | D:8      | Reached XP level 10. HP: 65/67 MP: 10/10
  6185 | D:8      | Gained mutation: You have a pair of small antennae on your
                  | head. [hidden potential]
  6185 | D:8      | Lost mutation: You have hidden genetic potential. [hidden
                  | potential expressed]
  6192 | D:8      | Noticed Maggie
  6203 | D:8      | Killed Maggie
  6238 | D:8      | Found a runed translucent door.
  6239 | D:8      | Noticed Ge0ff's ghost (novice AtNe)
  6280 | D:8      | Reached ****** piety under Jiyva
  6289 | D:8      | Found a broken altar of Ashenzari.
  6627 | D:8      | Noticed Joseph
  6654 | D:8      | Killed Joseph
  6655 | D:8      | Reached skill level 12 in Unarmed Combat
  6791 | D:8      | Killed Ge0ff's ghost
  7010 | D:9      | Found a snail-covered altar of Cheibriados.
  7011 | D:9      | Found an iron altar of Okawaru.
  7012 | D:9      | Found a hazy altar of Hepliaklqana.
  7012 | D:9      | Found a shimmering blue altar of Sif Muna.
  7012 | D:9      | Identified the +1 hand axe of Execution {drain, rElec}
  7017 | D:9      | Found a sacrificial altar of Ru.
  7029 | D:9      | Identified the +9 spear of Qirusmur {heavy, Will+}
  7035 | D:9      | Found a radiant altar of Vehumet.
  7036 | D:9      | Found a stormy altar of Qazlal.
  7135 | D:9      | Gained mutation: You sometimes gain power by taking damage.
                  | [demonic ancestry]
  7135 | D:9      | Reached XP level 11. HP: 72/72 MP: 11/11
  7378 | D:9      | Reached skill level 13 in Unarmed Combat
  7419 | D:9      | Found a staircase to the Lair.
  7533 | D:10     | Entered Level 10 of the Dungeon
  8081 | D:10     | Lost mutation: Your mind is acute. (Int +4, Str/Dex -1)
                  | [Jiyva's grace]
  8081 | D:10     | Lost mutation: Your rubbery body absorbs attacks. (AC +1,
                  | EV +1) [Jiyva's grace]
  8081 | D:10     | Gained mutation: Your body is covered in eyes which may
                  | confuse attackers. (Acc +7, SInv) [Jiyva's grace]
  8081 | D:10     | Gained mutation: You are robust. (+10% HP) [Jiyva's grace]
  8081 | D:10     | Gained mutation: You are very robust. (+20% HP) [Jiyva's
                  | grace]
  8081 | D:10     | Gained mutation: You are extremely robust. (+30% HP)
                  | [Jiyva's grace]
  8283 | Lair:1   | Entered Level 1 of the Lair of Beasts
  8303 | Lair:1   | Reached skill level 2 in Dodging
  8323 | Lair:1   | Reached skill level 1 in Armour
  8339 | Lair:1   | Noticed Prince Ribbit
  8343 | Lair:1   | Killed Prince Ribbit
  8472 | Lair:1   | Noticed Fannar
  8475 | Lair:1   | Reached skill level 2 in Armour
  8485 | Lair:1   | Killed Fannar
  8493 | Lair:1   | Reached skill level 14 in Unarmed Combat
  8513 | Lair:1   | Identified the +0 pair of gloves of a ziggurat {rPois rC+++
                  | rN+ Will-}
  8984 | Lair:2   | Gained mutation: Your movements are less encumbered by
                  | armour. (ER -4) [demonic ancestry]
  8984 | Lair:2   | Reached XP level 12. HP: 99/107 MP: 12/12
  9295 | Lair:2   | Noticed a boulder beetle
  9311 | Lair:2   | Killed a boulder beetle
  9366 | Lair:2   | Found a runed translucent door.
  9400 | Lair:2   | Noticed a dire elephant
  9409 | Lair:2   | HP: 8/109 [dire elephant (32)]
  9410 | Lair:2   | HP: 2/109 [dire elephant (15)]
  9411 | Lair:2   | Annihilated by a dire elephant

Illustrated notes

Levels and vault maps discovered:
D:1:      dpeg_arrival_lava_altar, layout_basic, minivault_5,
          minmay_misc_feat_rugged, hex_tiny, chequers_serial_rivers_micro_a
D:2:      layout_loops_ring, basic_ecumenical_altar, minmay_cut_off
D:3:      layout_rooms, elyvilon_altar_4, ebering_ghost_sewer_d
D:4:      minmay_chambers_of_threes, layout_basic, nemelex_dance_club_becter,
          mainiacjoe_overflow_24_doors, serial_shops, nicolae_shop_crystal,
          st_stairs_5, nicolae_nh_ransacked_shop
D:5:      lemuel_castle_with_subvaults [lemuel_castle_interior_original],
          layout_loops_corners, grunt_temple_overflow_champion_of_chaos,
          minmay_misc_feat_columns, st_stairs_10, minmay_misc_feat_doors,
          grunt_ministairs_12, nicolae_elevator_lobby_plus
D:6:      kennysheep_windowed_halls, layout_loops_corners,
          minmay_temple_entry_overgrown, dk_noncrumbling_4,
          lightli_corner_chamber, uniq_menkaure, uniq_sigmund
D:7:      layout_basic, dancing_weapons_uskayaw
D:8:      cheibrodos_helix_gallery, layout_basic,
          mainiacjoe_overflow_surrounded_room, gammafunk_ghost_grave,
          minmay_radiant, uniq_psyche, uniq_joseph, uniq_maggie
D:9:      layout_basic, grunt_temple_overflow_open, david_lair_shrubbed,
          minivault_7
D:10:     layout_basic
Lair:1:   layout_roguey, basic_altar, grunt_megastairs_5, uniq_fannar,
          uniq_prince_ribbit2, uniq_gastronok
Lair:2:   gammafunk_lair_enchanted_lake, layout_long_grid

Skill      XL: |  1  2  3  4  5  6  7  8  9 10 11 12 |
---------------+-------------------------------------+-----
Unarmed Combat | 2 3 4 5 7 9 11 12 14 | 14.5
Shapeshifting  | 3 4 5 7 8 9 |  9.2
Dodging        | 3 4 |  4.2
Armour         | 2 3 |  3.8
Fighting       | 3 4 |  4.8

Action                     |  1- 3 |  4- 6 |  7- 9 | 10-12 || total
---------------------------+-------+-------+-------+-------++-------
  Melee: Unarmed           |   154 |   136 |   289 |   355 ||   934
         Punch             |     2 |     4 |    10 |    27 ||    43
         Touch             |       |       |    40 |    84 ||   124
         Bite              |       |       |       |    44 ||    44
  Evoke: Wand              |       |       |     1 |       ||     1
    Use: Scroll            |       |     7 |     4 |     1 ||    12
         Potion            |       |     1 |       |     2 ||     3
   Stab: Sleeping          |     1 |     1 |       |       ||     2
         Confused          |       |     7 |     9 |    21 ||    37
 Armour: Animal skin       |    29 |     3 |       |       ||    32
         Ring mail         |       |    20 |       |       ||    20
         Plate armour      |       |       |   135 |   138 ||   273
  Dodge: Dodged            |   104 |    66 |    77 |   151 ||   398
         Form:             |       |       |       |     1 ||     1
         Blade             |       |       |       |     1 ||     1
         Beast             |       |       |       |     1 ||     1

Table legend: (Time is in decaauts)
 A = Elapsed time spent in this place.
 B = Non-inter-level travel time spent in this place.
 C = Inter-level travel time spent in this place.
 D = Time resting spent in this place.
 E = Time spent auto-exploring this place.
 F = Levels seen in this place.
 G = Mean time per level.
                   A        B        C        D        E       F      G
               +--------+--------+--------+--------+--------+-----+--------+
         Total |   9273 |   8899 |    374 |    154 |   6676 |  12 |  772.8 |
       Dungeon |   8187 |   7845 |    342 |    154 |   5868 |  10 |  818.7 |
          Lair |   1086 |   1055 |     31 |      0 |    808 |   2 |  543.0 |
               +--------+--------+--------+--------+--------+-----+--------+

Top non-repeatable levels by time:
     D:5: 1186 daAuts
     D:6: 1091 daAuts
     D:1: 1028 daAuts
     D:4: 773 daAuts
     D:7: 738 daAuts
     D:9: 721 daAuts
    D:10: 718 daAuts
     D:8: 716 daAuts
  Lair:1: 667 daAuts
     D:3: 617 daAuts
     D:2: 595 daAuts
  Lair:2: 418 daAuts
